 Dungeon Sprint DCSS version 0.23-a0-169-gb21e695 (webtiles) character file.

447 pasperui the Carver (level 7, 29/71 HPs)
             Began as a Hill Orc Fighter on Sept 11, 2018.
             Was an Initiate of Okawaru.
             Got out of the dungeon alive.
             The game lasted 00:02:02 (564 turns).

pasperui the Carver (Hill Orc Fighter)               Turns: 564, Time: 00:02:03

Health: 29/71      AC:  6    Str: 21    XL:     7   Next: 3%
Magic:  7/7        EV:  7    Int:  8    God:    Okawaru [......]
Gold:   306        SH:  9    Dex: 10    Spells: 6/6 levels left

rFire    . . .     SeeInvis .   a - +0 long sword
rCold    . . .     Gourm    .   c - +0 shield
rNeg     . . .     Faith    .   b - +0 scale mail
rPois    .         Spirit   .   (no helmet)
rElec    .         Reflect  .   (no cloak)
rCorr    .         Harm     .   (no gloves)
MR       .....     NoTele   +   (no boots)
Stlth    ..........             (no amulet)
HPRegen  0.21/turn              (no ring)
MPRegen  0.10/turn              (no ring)

@: no status effects
A: no striking features
a: Renounce Religion


You escaped.
You worshipped Okawaru.
Okawaru was noncommittal.
You were not hungry.

You visited 1 branch You collected 306 gold pieces.

Inventory:

Hand Weapons
 a - a +0 long sword (weapon)
 e - a +1 scythe of venom
Armour
 b - a +0 scale mail (worn)
 c - a +0 shield (worn)
Wands
 j - a wand of digging (20)
Scrolls
 k - a scroll of blinking
 l - a scroll of fear {unknown}
Potions
 d - a potion of might
 g - a potion of heal wounds
 h - a potion of haste
 i - 2 potions of magic
Comestibles
 f - 2 rations


   Skills:
 - Level 9.7 Fighting
 - Level 13.2 Long Blades
 * Level 3.2 Armour
 - Level 3.2 Shields


You had 6 spell levels left.
You didn't know any spells.
Your spell library was empty.

Dungeon Overview and Level Annotations

Branches:
Dungeon (1/1)

Altars:
Cheibriados
Dithmenos
Elyvilon
Fedhas
Gozag
Hepliaklqana
Kikubaaqudgha
Nemelex Xobeh
Okawaru
Qazlal
Ru
Sif Muna
Trog
Uskayaw
Vehumet
Wu Jian
Yredelemnul
Zin
The Shining One

Shops:
D *


Message History

There is an iron altar of Okawaru here.
You kneel at the altar of Okawaru.
Okawaru welcomes you!
Unknown command.
Press < or > to pray at altars.
There is an entrance to Noige Agu's Assorted Antiques here.
There is an open door, spattered with blood here.
There is an ornate altar of the Wu Jian Council here.
There is an open door here.
There is an open door here.
You see here a robe.
There is an open door, spattered with blood here.
There is an open door, spattered with blood here.
You see here a giant spiked club.
Things that are here:
a ring mail; a club
There is an open door here.
There is a staircase leading out of the dungeon here.
Are you sure you want to leave the Dungeon?
This will make you lose the game!
You have escaped!

################
#@.#..)..#..'..#
#..'[.#..'[.#..+
#..#####'#####'#
#..####..#...#.#
#..#__####..##.#
#..#_____##'#_.+
#⌠⌠#_.∩...'..._#
####_..__##_.#'#
#_____###+#.#


There were no monsters in sight!

Vanquished Creatures
  Sigmund (D)
  A yak (D)
  An ogre (D)
  A jelly (D)
  Ijyb (D)
5 creatures vanquished.

Notes
Turn   | Place    | Note
-------+----------+-------------------------------------------
     0 | D        | pasperui the Hill Orc Fighter began the quest for the Orb.
     0 | D        | Reached XP level 1. HP: 19/19 MP: 1/1
     1 | D        | Noticed Ijyb
     5 | D        | Noticed an ogre
    14 | D        | Killed an ogre
    14 | D        | Reached skill level 9 in Long Blades
    14 | D        | Reached XP level 2. HP: 4/26 MP: 2/2
    14 | D        | Reached XP level 3. HP: 5/31 MP: 3/3
    14 | D        | Reached XP level 4. HP: 6/39 MP: 4/4
    15 | D        | HP: 1/58 [Ijyb/club (2)]
    20 | D        | Killed Ijyb
    20 | D        | Reached skill level 10 in Long Blades
   289 | D        | Noticed Sigmund
   299 | D        | Killed Sigmund
   299 | D        | Reached skill level 13 in Long Blades
   299 | D        | Reached XP level 5. HP: 13/45 MP: 5/5
   299 | D        | Reached XP level 6. HP: 14/51 MP: 6/6
   477 | D        | Found a deep blue altar of Sif Muna.
   478 | D        | Found an ornate altar of the Wu Jian Council.
   479 | D        | Found a radiant altar of Vehumet.
   482 | D        | Reached skill level 5 in Fighting
   513 | D        | Found Noige Agu's Assorted Antiques.
   513 | D        | Found an ancient bone altar of Kikubaaqudgha.
   513 | D        | Found a hazy altar of Hepliaklqana.
   513 | D        | Found a stormy altar of Qazlal.
   513 | D        | Found a hide-covered altar of Uskayaw.
   513 | D        | Found a blossoming altar of Fedhas.
   513 | D        | Found a bloodstained altar of Trog.
   513 | D        | Found an iron altar of Okawaru.
   513 | D        | Found a basalt altar of Yredelemnul.
   513 | D        | Found a glowing golden altar of the Shining One.
   513 | D        | Found a snail-covered altar of Cheibriados.
   513 | D        | Found a sacrificial altar of Ru.
   513 | D        | Found a glowing silver altar of Zin.
   513 | D        | Found a shadowy altar of Dithmenos.
   513 | D        | Found a white marble altar of Elyvilon.
   513 | D        | Noticed a yak
   530 | D        | Killed a yak
   530 | D        | Reached XP level 7. HP: 22/71 MP: 7/7
   531 | D        | Found an opulent altar of Gozag.
   532 | D        | Found a sparkling altar of Nemelex Xobeh.
   537 | D        | Became a worshipper of Warmaster Okawaru
   564 | D        | Got out of the dungeon alive.

Vault maps used:
D:        dungeon_sprint_1

Skill      XL: |  1  2  3  4  5  6 |
---------------+-------------------+-----
Long Blades    | 9 13 | 13.2
Fighting       | 9 |  9.7
Armour         | |  3.2
Shields        | |  3.2

Action                   |  1- 3 |  4- 6 |  7- 9 || total
-------------------------+-------+-------+-------++-------
Melee: Long sword        |     8 |    35 |       ||    43
  Use: Potion            |     1 |     1 |       ||     2
Armor: Scale mail        |     1 |     2 |       ||     3
Dodge: Dodged            |     3 |     4 |       ||     7
Block: Shield            |     7 |     4 |       ||    11
       Rpst.: Long sword |     1 |       |       ||     1

Table legend:
 A = Non-vault XP
 B = Vault XP
 C = Vault XP percentage of total XP
 D = Non-vault monster count
 E = Vault monster count
 F = Vault count percentage of total count
                 A         B        C        D         E       F
            +---------+---------+-------+---------+---------+-------
      Total |       0 |     639 | 100.0 |       0 |       5 | 100.0
            +---------+---------+-------+---------+---------+-------
          D |       0 |     639 | 100.0 |       0 |       5 | 100.0
            +---------+---------+-------+---------+---------+-------
